 Dungeon Crawl Stone Soup version 0.28-a0-1286-g6bde065e89 (webtiles) character file.

Game seed: 17937941443831154938

116900 chakani the Severer (level 16, -23/127 (129) HPs)
             Began as a Demonspawn Gladiator on Dec 27, 2021.
             Was an Elder of Ignis.
             Annihilated by a boulder beetle (33 damage)
             ... on level 3 of the Spider Nest.
             The game lasted 00:46:50 (34495 turns).

chakani the Severer (Demonspawn Gladiator)         Turns: 34495, Time: 00:46:51

HP:   -23/127 (129) AC: 26    Str: 19    XL:     16   Next: 22%
MP:   0/16          EV:  9    Int: 16    God:    Ignis [****..]
Gold: 1370          SH:  0    Dex: 15    Spells: 13/15 levels left

rFire   + . .      SeeInvis .   s - +1 battleaxe (flame)
rCold   + . .      Faith    .   (shield currently unavailable)
rNeg    . . .      Spirit   +   L - +1 plate armour {rC+}
rPois   +          Reflect  .   d - +0 helmet {Int+3}
rElec   .          Harm     .   h - +2 cloak
rCorr   .          Rampage  +   (gloves unavailable)
Will    ++...                   l - +0 pair of boots {rampage}
Stlth   ..........              g - amulet of guardian spirit
HPRegen 0.31/turn               X - ring of willpower
MPRegen 0.15/turn               A - ring of poison resistance

@: lightly drained
A: claws 3, thin metallic scales 1, powered by death 3, spiny 2, MP-powered
wands
a: Renounce Religion, Fiery Armour, Foxfire Swarm


You were on level 3 of the Spider Nest.
You worshipped Ignis.
Ignis was greatly pleased with you.
You visited 4 branches of the dungeon, and saw 27 of its levels.
You also visited: Gauntlet.

You collected 2194 gold pieces.
You spent 824 gold pieces at shops.

Inventory:

Hand Weapons
 c - a +1 vorpal battleaxe
 s - a +1 battleaxe of flaming (weapon)
 y - the +6 hand axe "Cikauny" {flame, Dex+7}
   (You found it on level 6 of the Dungeon)

   It burns those it strikes, dealing additional fire damage.
   Big, fiery blades are also staple armaments of hydra-hunters.
   Dex:       It affects your dexterity (+7).
 D - the +8 hand axe of Superiority {venom, Int+2 Dex+3 Stlth+}
   (You found it on level 4 of the Dungeon)

   It poisons the flesh of those it strikes.
   Int:       It affects your intelligence (+2).
   Dex:       It affects your dexterity (+3).
   Stlth:     It makes you more stealthy.
Armour
 d - a +0 helmet of intelligence (worn)
 h - a +2 cloak (worn)
 l - a +0 pair of boots of rampaging (worn)
 L - a +1 plate armour of cold resistance (worn)
 U - the +0 pair of boots of the Slightly Bent {rCorr Int+2}
   (You found it in a Gauntlet)

   Int:       It affects your intelligence (+2).
   rCorr:     It protects you from acid and corrosion.
Jewellery
 g - an amulet of guardian spirit (around neck)
 w - a +4 ring of protection
 A - a ring of poison resistance (right claw)
 B - a ring of willpower
 P - a ring of fire
 Q - an amulet of magic regeneration
 R - an amulet of reflection
 X - a ring of willpower (left claw)
 Y - a ring of flight
 Z - a ring of magical power
Wands
 k - a wand of digging (2)
 n - a wand of iceblast (19)
 r - a wand of flame (45)
 O - a wand of paralysis (8)
Scrolls
 i - 3 scrolls of teleportation
 j - 4 scrolls of enchant weapon
 o - 2 scrolls of acquirement {unknown}
 t - a scroll of magic mapping {unknown}
 u - 4 scrolls of fear
 v - a scroll of blinking {unknown}
 E - 2 scrolls of vulnerability
 F - 4 scrolls of silence
 I - a scroll of amnesia
 N - 3 scrolls of holy word
 S - 8 scrolls of identify
 T - 2 scrolls of fog
 V - 2 scrolls of enchant armour
Potions
 b - a potion of cancellation
 e - 8 potions of curing
 f - 5 potions of flight
 m - 3 potions of brilliance
 p - 2 potions of attraction
 q - 9 potions of mutation
 x - 2 potions of might
 z - 2 potions of berserk rage
 C - 8 potions of haste
 G - 2 potions of invisibility
 H - 3 potions of heal wounds
 J - a potion of resistance
 K - a potion of lignification
 M - 2 potions of ambrosia {unknown}
Miscellaneous
 a - a phial of floods


   Skills:
 - Level 12.8 Fighting
 + Level 19.1 Axes
 - Level 1.9 Throwing
 - Level 14.1 Armour
 - Level 7.7 Dodging
 - Level 0.2 Stealth
 - Level 0.2 Evocations


You had 13 spell levels left.
You knew the following spells:

 Your Spells              Type           Power      Damage    Failure   Level
a - Passwall              Tmut/Erth      0%         N/A       99%         2

Your spell library contained the following spells:

 Spells                   Type           Power      Damage    Failure   Level
 Beastly Appendage        Tmut           0%         N/A       98%         1
 Shock                    Conj/Air       0%         1d3       98%         1
 Wereblood                Tmut           0%         N/A       99%         2
 Confusing Touch          Hex            0%         N/A       100%        3
 Gell's Gravitas          Tloc           0%         N/A       100%        3
 Lesser Beckoning         Tloc           0%         N/A       100%        3
 Ozocubu's Armour         Ice            0%         N/A       100%        3
 Spider Form              Tmut/Pois      0%         N/A       100%        3
 Summon Guardian Golem    Hex/Summ       0%         N/A       100%        3
 Swiftness                Air            0%         N/A       100%        3
 Teleport Other           Tloc           0%         N/A       100%        3
 Airstrike                Air            0%         N/A       100%        4
 Alistair's Intoxication  Tmut/Pois      0%         N/A       100%        5
 Borgnjor's Vile Clutch   Necr/Erth      0%         N/A       100%        5
 Iskenderun's Battlesphe  Conj           0%         2d6       100%        5
 Metabolic Englaciation   Hex/Ice        0%         N/A       100%        5
 Yara's Violent Unravell  Hex/Tmut       0%         3d3       100%        5
 Eringya's Noxious Bog    Tmut/Pois      0%         N/A       100%        6
 Iron Shot                Conj/Erth      0%         9d1       100%        6
 Simulacrum               Ice/Necr       0%         N/A       100%        6
 Enfeeble                 Hex            0%         N/A       100%        7
 Orb of Destruction       Conj           0%         N/A       100%        7
 Spellforged Servitor     Conj/Summ      0%         N/A       100%        7


Dungeon Overview and Level Annotations

Branches:
Dungeon (15/15)            Temple (0/1) D:7            Lair (6/6) D:11
 Shoals (0/4) Lair:4       Spider (4/4) Lair:3        Slime (0/5) Lair:6
    Orc (2/2) D:10            Elf (0/3) Orc:2        Vaults (0/5) D:13
 Depths (0/4) D:15        Gauntlet (visited)

Altars:
Hepliaklqana
Kikubaaqudgha
Ru
Sif Muna
Trog
Vehumet
Wu Jian
Zin
Ignis

Shops:
D:1 *   D:4 !   D:11 *   D:14 [:*   Orc:2 =*[(!

Annotations:
D:3 1 runed translucent door, Crazy Yiuf
D:7 3 runed translucent doors, Adrian566's ghost, novice TrFi
Lair:6 3 runed translucent doors, Zdeegee's ghost, journeyman GrEE


Innate Abilities, Weirdness & Mutations

You have claws for hands.
You are partially covered in thin metallic scales. (AC +2)
You regenerate a lot of health from kills.
You are mostly covered in sharp spines.
You expend magic power (3 MP) to strengthen your wands.


Message History

You closely miss the culicivora.
The boulder beetle leaps!
The broodmother is struck by your spines.
The broodmother bites you!
* * * LOW HITPOINT WARNING * * *
The culicivora bites you but does no damage.
You slash the broodmother! You burn the broodmother.
The broodmother is severely wounded.
You closely miss the culicivora. You completely miss the wolf spider.
The culicivora is healed somewhat.
The culicivora bites you but does no damage.
The broodmother bites you!!
* * * LOW HITPOINT WARNING * * *
A spider bursts forth from the wound!
You slash the broodmother! You burn the broodmother.
The broodmother is almost dead.
You slash the culicivora! You burn the culicivora. You hit the wolf spider.
You burn the wolf spider. You barely miss the tarantella.
The tarantella is struck by your spines.
The tarantella barely misses you.
The wolf spider hits you but does no damage.
The wolf spider misses you.
The culicivora is struck by your spines.
The culicivora bites you!
* * * LOW HITPOINT WARNING * * *
The culicivora draws strength from your injuries!
Unknown command.
Okay, then.
Unknown command.
As you read the scroll of fear, it crumbles to dust.
You assume a fearsome visage.
The broodmother looks frightened!
The boulder beetle resists with some effort.
The orb spider looks frightened!
The redback looks frightened!
The culicivora looks frightened! x2; The tarantella looks frightened!
The wolf spider looks frightened!
The boulder beetle leaps!
You feel better.
The boulder beetle curls into a ball and begins rolling!
Okay, then.
You rampage towards the culicivora!
The boulder beetle hits you!!
You die...

.#.#≈........##.#....#........#.#
...#.#^#....#...^.......#..#....≈
........#.#.##[...#.#>#....##...#
#^.....#...#^.^.............#.#.^
##...#...^....#.#.....##.#..^..^.
#.#..#..#.....###...###.....#...#
.......s......# #...####......#^#
...#^#........###.#..##..^..^..##
#......#°.###^..@###...####....##
.#......#..###.B.# #...# #..#.#.#
...........##^○..###...####..##.#
)#...#.#..>○#°###...###^#...#...#
..^##.#...#.°.####..###).#....###
))..........).##...^.#......#...^
.#......#.[###...###.#.####...#..
#^##.^.#..## #...# ##.^## #^.##..
.......#...###^..###}...####.....


You could see a boulder beetle (rolling).

Vanquished Creatures
  Kirke (Spider:1)
  A ghost moth (Spider:1)
  An emperor scorpion (Spider:3)
  An orc warlord (Orc:1)
  A broodmother (Spider:2)
  An entropy weaver (Spider:1)
  6 boulder beetles
  8 hydras
  A catoblepas (Lair:4)
  A jorogumo (Spider:2)
  2 ogre magi
  4 centaur warriors
  13 two-headed ogres
  7 death yaks
  A tengu warrior (D:14)
  Urug (D:12)
  6 orc high priests
  A hell knight (D:15)
  4 pharaoh ants
  A skeletal warrior (D:13)
  A deep troll (D:15)
  Nergalle (Lair:3)
  A sun moth (Spider:2)
  A goliath frog (Lair:6)
  2 steelbarb worms
  A wizard (D:11)
  2 orb spiders
  A necromancer (D:15)
  5 orc knights
  4 orc sorcerers
  17 ugly things (D:14)
  A deep elf pyromancer (D:13)
  9 wolf spiders
  5 cyclopes
  2 manticores
  3 black mambas
  3 gargoyles
  17 cane toads
  Maggie (D:9)
  4 rime drakes
  4 centaur skeletons (D:13)
  2 demonic crawlers
  8 komodo dragons
  A kobold demonologist (D:10)
  A tengu conjurer (D:15)
  4 yaktaurs (D:13)
  A polar bear (Lair:4)
  7 meliai
  7 trolls
  A polar bear (shapeshifter) (D:13)
  2 tyrant leeches (Lair:6)
  13 tarantellas
  A wind drake (Lair:4)
  20 blink frogs
  5 slime creatures
  11 dream sheep
  4 shadows
  11 jumping spiders
  7 wyverns
  13 culicivoras
  2 hogs (Spider:1)
  3 wraiths
  42 yaks
  A vampire (D:11)
  2 basilisks
  Grum (D:8)
  30 redbacks
  12 vampire mosquitoes
  A steam dragon (Lair:3)
  A warg (Orc:2)
  15 water moccasins
  3 acid dragons
  31 orc warriors
  A meliai simulacrum (D:14)
  3 black bears
  An ice beast (D:8)
  6 centaurs
  8 ogres
  3 necrophages
  22 wolves
  Blork the orc (D:4)
  11 bullfrogs
  5 scorpions
  A water moccasin skeleton (D:4)
  A vampire bat (Orc:2)
  5 electric eels
  6 howler monkeys
  7 crimson imps (D:7)
  2 centaur zombies (D:8)
  28 orc priests
  2 gnoll shamans
  4 hounds
  9 jellies
  Natasha (thrice) (D:3)
  4 iguanas
  29 orc wizards
  A killer bee zombie (D:6)
  Robin (D:4)
  12 gnolls
  2 howler monkey skeletons
  2 shadow imps (D:7)
  4 white imps
  An adder skeleton (D:4)
  2 worms
  6 dart slugs
  70 orcs
  8 ball pythons
  3 bat zombies (D:5)
  19 endoplasms
  4 giant cockroaches
  15 goblins
  15 hobgoblins
  4 jackals (D:2)
  9 kobolds
  10 quokkas
  10 bats
  6 frilled lizards
  A rat (D:1)
  3 rat zombies (D:5)
780 creatures vanquished.

Vanquished Creatures (others)
  23 foxfires
  38 fungi
  132 plants
193 creatures vanquished.

Grand Total: 973 creatures vanquished

Notes
Turn   | Place    | Note
-------+----------+-------------------------------------------
     0 | D:1      | chakani the Demonspawn Gladiator began the quest for the
                  | Orb.
     0 | D:1      | Reached XP level 1. HP: 16/16 MP: 1/1
    58 | D:1      | Found a faded altar of an unknown god.
    74 | D:1      | Prayed at the altar of an unknown god.
    74 | D:1      | Became a worshipper of Ignis, the Dying Flame
   218 | D:1      | Gained mutation: You are partially covered in sharp spines.
                  | [demonic ancestry]
   218 | D:1      | Reached XP level 2. HP: 22/22 MP: 2/2
   356 | D:1      | Found Uhuibul's Assorted Antiques.
   362 | D:1      | Reached skill level 3 in Axes
   749 | D:1      | Gained mutation: You regenerate a little health from kills.
                  | [demonic ancestry]
   749 | D:1      | Reached XP level 3. HP: 27/27 MP: 3/3
  1861 | D:2      | Gained mutation: You are partially covered in thin metallic
                  | scales. (AC +2) [demonic ancestry]
  1861 | D:2      | Reached XP level 4. HP: 34/34 MP: 4/4
  2028 | D:3      | Noticed Natasha
  2034 | D:3      | Killed Natasha
  2035 | D:3      | Reached skill level 1 in Armour
  2174 | D:3      | Noticed an ogre
  2180 | D:3      | Killed an ogre
  2181 | D:3      | Reached skill level 4 in Axes
  2181 | D:3      | Gained mutation: You regenerate health from kills. [demonic
                  | ancestry]
  2181 | D:3      | Reached XP level 5. HP: 40/40 MP: 5/5
  2389 | D:3      | Noticed Natasha
  2397 | D:3      | Killed Natasha
  2598 | D:3      | Noticed Natasha
  2610 | D:3      | Killed Natasha
  2775 | D:3      | Found a runed translucent door.
  2776 | D:3      | Noticed Crazy Yiuf
  3200 | D:4      | Gained mutation: You have sharp fingernails. [demonic
                  | ancestry]
  3200 | D:4      | Reached XP level 6. HP: 47/47 MP: 6/6
  3209 | D:4      | Reached skill level 5 in Axes
  3420 | D:4      | Identified the ring of Doubts {Will+ rCorr Int-3 Dex-4
                  | SInv}
  3433 | D:4      | Reached skill level 6 in Axes
  3462 | D:4      | Found Sues's Distillery.
  3482 | D:4      | Gained mutation: You have very sharp fingernails. [demonic
                  | ancestry]
  3482 | D:4      | Reached XP level 7. HP: 51/52 MP: 7/7
  3888 | D:4      | Noticed Robin
  3889 | D:4      | Noticed Blork the orc
  3897 | D:4      | Reached skill level 7 in Axes
  3907 | D:4      | Killed Blork the orc
  3909 | D:4      | Killed Robin
  4264 | D:5      | Entered Level 5 of the Dungeon
  4286 | D:5      | Reached skill level 8 in Axes
  4286 | D:5      | Reached XP level 8. HP: 58/58 MP: 6/8
  4444 | D:5      | Reached skill level 9 in Axes
  4533 | D:5      | Found an ancient bone altar of Kikubaaqudgha.
  5147 | D:6      | Identified the +6 hand axe "Cikauny" {flame, Dex+7}
  5383 | D:6      | Identified the +6 trident "Qujif" {holy, rF+}
  5545 | D:4      | Identified the +8 hand axe of Superiority {venom, Int+2
                  | Dex+3 Stlth+}
  5802 | D:6      | Reached skill level 10 in Axes
  6247 | D:7      | Reached XP level 9. HP: 33/63 MP: 3/9
  6418 | D:7      | Found a hazy altar of Hepliaklqana.
  6663 | D:7      | Reached skill level 11 in Axes
  6711 | D:7      | Found a runed translucent gate.
  6711 | D:7      | Found a runed translucent gate.
  6711 | D:7      | Found a runed translucent gate.
  6712 | D:7      | Noticed Adrian566's ghost (novice TrFi)
  6820 | D:7      | Found a staircase to the Ecumenical Temple.
  7284 | D:8      | Reached skill level 12 in Axes
  7378 | D:8      | Noticed Grum
  7385 | D:8      | HP: 3/63 [Grum (2)]
  7390 | D:8      | Killed Grum
  8481 | D:9      | Found an ornate altar of the Wu Jian Council.
  8499 | D:9      | Gained mutation: You regenerate a lot of health from kills.
                  | [demonic ancestry]
  8499 | D:9      | Reached XP level 10. HP: 62/70 MP: 8/10
  8509 | D:9      | Reached skill level 13 in Axes
  8556 | D:9      | Noticed Maggie
  8569 | D:9      | Killed Maggie
  8630 | D:9      | Noticed a two-headed ogre
  8633 | D:9      | Noticed a two-headed ogre
  8924 | D:9      | Noticed a two-headed ogre
  8932 | D:9      | Killed a two-headed ogre
  9180 | D:9      | Found a sacrificial altar of Ru.
  9378 | D:9      | Found a radiant altar of Vehumet.
  9452 | D:9      | Killed a two-headed ogre
  9692 | D:9      | Killed a two-headed ogre
  9783 | D:10     | Entered Level 10 of the Dungeon
  9818 | D:10     | Noticed a two-headed ogre
  9825 | D:10     | Noticed a two-headed ogre
  9847 | D:9      | Killed a two-headed ogre
  9848 | D:9      | Reached skill level 5 in Fighting
  9848 | D:9      | Reached skill level 5 in Armour
  9988 | D:10     | Found a staircase to the Orcish Mines.
 10153 | D:10     | Reached XP level 11. HP: 70/80 MP: 11/11
 10346 | D:10     | Killed a two-headed ogre
 10940 | Orc:1    | Entered Level 1 of the Orcish Mines
 10979 | Orc:1    | Noticed an orc sorcerer
 10986 | Orc:1    | Paralysed by an orc sorcerer for 3 turns
 10992 | Orc:1    | Killed an orc sorcerer
 11071 | Orc:2    | Entered Level 2 of the Orcish Mines
 11071 | Orc:2    | Found Xircha's Distillery.
 11091 | Orc:2    | Bought a potion of mutation for 112 gold pieces
 11091 | Orc:2    | Bought a potion of berserk rage for 70 gold pieces
 11091 | Orc:2    | Bought a potion of resistance for 140 gold pieces
 11157 | Orc:2    | Noticed an orc knight
 11163 | Orc:2    | Noticed an orc high priest
 11180 | Orc:1    | HP: 3/81 [orc warrior[an orc high priest] (19)]
 11775 | D:10     | Found a staircase to the Orcish Mines.
 12184 | D:11     | Noticed a two-headed ogre
 12298 | D:11     | Killed a two-headed ogre
 12622 | D:11     | Found Veesh's General Store.
 12630 | D:11     | Bought a scroll of identify for 24 gold pieces
 12630 | D:11     | Bought a scroll of identify for 24 gold pieces
 12630 | D:11     | Bought a scroll of fear for 42 gold pieces
 12763 | D:11     | Found a shimmering blue altar of Sif Muna.
 13190 | D:11     | Noticed a wizard
 13202 | D:11     | Killed a wizard
 13292 | D:11     | Found a staircase to the Lair.
 13294 | D:11     | Noticed a death yak
 13295 | D:11     | Noticed a death yak
 13348 | D:10     | Killed a death yak
 13609 | D:11     | Noticed a death yak
 13665 | D:10     | Killed a death yak
 13894 | D:11     | Killed a death yak
 13895 | D:11     | Reached XP level 12. HP: 30/92 MP: 5/12
 14195 | D:12     | Noticed Urug
 14238 | Lair:1   | Entered Level 1 of the Lair of Beasts
 14687 | D:1      | Bought a runed cloak for 165 gold pieces
 15199 | Lair:1   | Reached skill level 10 in Armour
 16150 | Lair:2   | Found a gate leading to a gauntlet.
 16160 | Gauntlet | Entered a Gauntlet
 16160 | Gauntlet | Found a transporter.
 16160 | Gauntlet | Found a transporter.
 16187 | Gauntlet | Found a transporter.
 16198 | Gauntlet | Found a runed translucent door.
 16201 | Gauntlet | Found a transporter.
 16217 | Gauntlet | Found a transporter.
 16217 | Gauntlet | Found a transporter.
 16217 | Gauntlet | Found a transporter.
 16219 | Gauntlet | Found a transporter.
 16219 | Gauntlet | Found a transporter.
 16223 | Gauntlet | Noticed a catoblepas
 16229 | Gauntlet | Found a runed translucent gate.
 16229 | Gauntlet | Found a runed translucent gate.
 16229 | Gauntlet | Found a runed translucent gate.
 16231 | Gauntlet | Found a transporter.
 16247 | Gauntlet | Found a transporter.
 16248 | Gauntlet | Noticed a blizzard demon
 16256 | Gauntlet | Found a runed translucent door.
 16257 | Gauntlet | Found a transporter.
 16258 | Gauntlet | Found a runed translucent door.
 16262 | Gauntlet | Found a transporter.
 16296 | Gauntlet | Found a transporter.
 16339 | Gauntlet | Identified the +0 pair of boots of the Slightly Bent {rCorr
                  | Int+2}
 16371 | Gauntlet | Identified the +0 pair of gloves of Somewhere Else {Fly
                  | rPois rF- rC++}
 16436 | Gauntlet | Identified the -2 hat of the Forgotten Thickets {Harm
                  | Dex+2}
 16441 | Gauntlet | Identified the ring "Vuifia" {*Corrode rPois rC+++ Will-
                  | Int+6}
 16441 | Gauntlet | Noticed a minotaur
 17052 | Lair:3   | Noticed Nergalle
 17063 | Lair:3   | Killed Nergalle
 17513 | Lair:3   | Noticed a death yak
 17513 | Lair:3   | Noticed a death yak
 17513 | Lair:3   | Noticed a death yak
 17513 | Lair:3   | Noticed a death yak
 17530 | Lair:3   | Killed a death yak
 17550 | Lair:3   | Killed a death yak
 17551 | Lair:3   | Reached skill level 10 in Fighting
 17586 | Lair:3   | Killed a death yak
 17598 | Lair:3   | Killed a death yak
 17599 | Lair:3   | Gained mutation: You are mostly covered in sharp spines.
                  | [demonic ancestry]
 17599 | Lair:3   | Reached XP level 13. HP: 63/103 MP: 7/13
 17700 | Lair:3   | Found a hole to the Spider Nest.
 18697 | Lair:4   | Found a staircase to the Shoals.
 20808 | Lair:5   | Reached skill level 5 in Dodging
 21489 | Lair:6   | Entered Level 6 of the Lair of Beasts
 21717 | Lair:6   | Found a runed translucent gate.
 21924 | Lair:6   | Gained mutation: You have claws for hands. [demonic
                  | ancestry]
 21924 | Lair:6   | Reached XP level 14. HP: 98/115 MP: 11/14
 22527 | Lair:6   | Found a staircase to the Slime Pits.
 22586 | Lair:6   | Found a runed translucent gate.
 22586 | Lair:6   | Found a runed translucent gate.
 22589 | Lair:6   | Noticed Zdeegee's ghost (journeyman GrEE)
 23536 | Orc:2    | Noticed an orc warlord
 23729 | Orc:1    | Killed an orc warlord
 24130 | Orc:2    | Paralysed by an orc sorcerer for 3 turns
 24209 | Orc:2    | Found a staircase to the Elven Halls.
 24846 | Orc:2    | Reached skill level 14 in Axes
 24975 | Orc:2    | Gained mutation: You expend magic power (3 MP) to
                  | strengthen your wands. [a neqoxec]
 25151 | Orc:2    | Found Cyuluosh's Antique Armour Shop.
 25152 | Orc:2    | Found Lerroig's Antique Weapon Shop.
 25154 | Orc:2    | Found Amu Buh's General Store.
 25154 | Orc:2    | Found Xipauj's Jewellery Boutique.
 25180 | Orc:2    | Bought a pair of glowing boots for 247 gold pieces
 25382 | D:12     | Killed Urug
 26530 | D:13     | Reached skill level 15 in Axes
 26708 | D:13     | Found a gate to the Vaults.
 26789 | D:13     | Found a bloodstained altar of Trog.
 26814 | D:13     | Reached XP level 15. HP: 112/122 MP: 12/15
 27590 | D:14     | Learned a level 2 spell: Passwall
 27842 | D:14     | Reached skill level 16 in Axes
 28072 | D:14     | Found Robewaus's Antique Armour Shoppe.
 28223 | D:14     | Identified the +8 short sword "Afrotimnoi" {flame, rF+
                  | rC+++ Will- Dex+2}
 28678 | D:14     | Found Noekh's Assorted Antiques.
 28799 | D:14     | Found Denappuc's Book Boutique.
 28939 | D:15     | Entered Level 15 of the Dungeon
 28946 | D:15     | Reached skill level 17 in Axes
 29043 | D:15     | HP: 6/183 [hell knight/bolt of fire (13)]
 29739 | D:15     | Found a staircase to the Depths.
 30414 | Spider:1 | Entered Level 1 of the Spider Nest
 30989 | Spider:1 | Noticed Kirke
 30993 | Spider:1 | Noticed a sphinx
 31015 | Spider:1 | Paralysed by a sphinx for 3 turns
 31037 | Spider:1 | HP: 6/122 [sphinx[Kirke] (5)]
 31671 | Spider:1 | Killed Kirke
 32080 | Spider:1 | Reached skill level 18 in Axes
 32254 | Spider:1 | Killed a ghost moth
 32618 | Spider:2 | Reached XP level 16. HP: 82/129 MP: 4/16
 33779 | Spider:3 | Reached skill level 19 in Axes
 34378 | Spider:4 | Entered Level 4 of the Spider Nest
 34487 | Spider:3 | HP: 1/127 [culicivora[a broodmother] (13)]
 34495 | Spider:3 | Annihilated by a boulder beetle

Illustrated notes

Levels and vault maps discovered:
D:1:      dpeg_arrival_tiny_b, layout_loops_ring, serial_shops, shop,
          basic_ecumenical_altar, chequers_serial_rivers_micro_b,
          chequers_serial_rivers_micro_c
D:2:      layout_loops_ring
D:3:      layout_loops_ring, minmay_fractal_squares_gapless_5, uniq_natasha,
          uniq_crazy_yiuf_cottage
D:4:      layout_cave_pods, serial_shops, shop_fountains, uniq_blork_the_orc,
          uniq_robin
D:5:      layout_loops_ring, lemuel_zombie_altar_kikubaaqudgha
D:6:      layout_loops_corners, minivault_1, st_stairs_4, amethyst_killhole,
          minmay_starry_boxes
D:7:      minmay_flawed_box, layout_basic, nicolae_hepliaklqana_hazy_memory,
          minmay_temple_entry_antechambers, gammafunk_ghost_nasty_kobolds,
          minmay_nine_imps
D:8:      layout_basic, kennysheep_generic_room_16, uniq_grum
D:9:      layout_irregular_city, mainiacjoe_overflow_swirl,
          mainiacjoe_overflow_cross_hatched, enter_bailey_4,
          kennysheep_generic_room_5, uniq_maggie
D:10:     layout_loops_ring, mainiacjoe_overflow_six_doors_small
D:11:     layout_gridville, dpeg_lair_monsters, serial_shops,
          nicolae_diamond_shop, serial_bayou_pond_d,
          nicolae_sif_muna_little_library
D:12:     layout_stronghold, uniq_urug
D:13:     layout_long_grid, hangedman_vaults_entry_quadrant_bands,
          minmay_strange_pillars, ebering_dispersal_statue_hall, nrook_campfire,
          chequers_decorated_corner, bloody_trog
D:14:     layout_rooms, minmay_stone_trees_small, serial_shops,
          nicolae_shop_behind_doors, nicolae_square_shop, shop
D:15:     hangedman_depths_entry_civil_slaughter, layout_loops_ring,
          kennysheep_crisscross
Lair:1:   lemuel_slime, layout_cave_pods
Lair:2:   beast_lair_carwin_large_3, layout_regular_city,
          gauntlet_entry_generic, serial_bayou_shore_b,
          infiniplex_staircase_pool_2, serial_bayou_shore_a
Lair:3:   layout_loops_ring, spider_nest_entry_funnel_web, serial_bayou,
          serial_bayou_ford_a, serial_bayou_lake_a, serial_bayou_lagoon_b,
          serial_bayou_crossing, uniq_nergalle
Lair:4:   layout_roguey, minmay_shoals_entry_beasts
Lair:5:   layout_cave_pods
Lair:6:   minmay_lair_end_frog_pond, layout_gridlike, slime_dummy,
          gammafunk_ghost_hydra_chop
Spider:1: layout_cave_pods, hangedman_spider_tarantella_strand, uniq_kirke
Spider:2: layout_spider_delve
Spider:3: layout_spider_delve, nicolae_spider_checkerboard
Spider:4: guppyfry_spider_rune
Orc:1:    layout_diamond_mine
Orc:2:    st_orc_congregation, layout_caves, serial_shops, shop, roderic_batcave

Skill      XL: |  1  2  3  4  5  6  7  8  9 10 11 12 13 14 15 16 |
---------------+-------------------------------------------------+-----
Dodging        | 3 4 6 7 |  7.7
Axes           | 3 4 6 8 10 12 13 15 18 19 | 19.1
Armour         | 1 5 9 11 13 14 | 14.1
Fighting       | 3 5 7 10 12 | 12.8
Throwing       | |  1.9
Stealth        | |  0.2
Evocations     | |  0.2

Action                   |  1- 3 |  4- 6 |  7- 9 | 10-12 | 13-15 | 16-18 || total
-------------------------+-------+-------+-------+-------+-------+-------++-------
Melee: War axe           |   109 |    84 |   129 |       |       |       ||   322
       Hand axe          |       |       |   183 |   606 |   628 |       ||  1417
       Battleaxe         |       |       |       |       |   737 |   142 ||   879
       Unarmed           |       |       |       |       |    17 |       ||    17
Invok: Fiery Armour      |       |       |       |     1 |       |       ||     1
       Foxfire Swarm     |       |       |       |     1 |     1 |       ||     2
       Rising Flame      |       |       |       |       |     1 |       ||     1
Evoke: Wand              |       |     2 |     1 |     9 |     2 |     1 ||    15
       Phial of floods   |       |       |       |     2 |       |       ||     2
  Use: Scroll            |       |       |    13 |     8 |     6 |     1 ||    28
       Potion            |       |       |     2 |     1 |     2 |     1 ||     6
 Stab: Sleeping          |     1 |       |     2 |       |       |       ||     3
Armor: Leather armour    |    13 |    19 |    44 |       |       |       ||    76
       Chain mail        |       |       |    73 |   121 |       |       ||   194
       Plate armour      |       |       |       |   111 |   886 |    81 ||  1078
Dodge: Dodged            |    70 |    61 |   135 |   162 |   538 |    56 ||  1022

Table legend: (Time is in decaauts)
 A = Elapsed time spent in this place.
 B = Non-inter-level travel time spent in this place.
 C = Inter-level travel time spent in this place.
 D = Time resting spent in this place.
 E = Time spent auto-exploring this place.
 F = Levels seen in this place.
 G = Mean time per level.
                   A        B        C        D        E       F      G
               +--------+--------+--------+--------+--------+-----+--------+
         Total |  34220 |  32043 |   2177 |   6145 |  20080 |  28 | 1222.1 |
       Dungeon |  19461 |  17881 |   1580 |   2759 |  12032 |  15 | 1297.4 |
          Lair |   7857 |   7395 |    462 |    860 |   5289 |   6 | 1309.5 |
   Spider Nest |   4068 |   4028 |     40 |   1559 |   1848 |   4 | 1017.0 |
  Orcish Mines |   2535 |   2440 |     95 |    966 |    768 |   2 | 1267.5 |
      Gauntlet |    296 |    296 |      0 |      0 |    142 |   1 |  296.0 |
               +--------+--------+--------+--------+--------+-----+--------+

Top non-repeatable levels by time:
    D:10: 2515 daAuts
Spider:1: 2125 daAuts
  Lair:3: 1787 daAuts
    D:11: 1769 daAuts
  Lair:4: 1612 daAuts
    D:14: 1577 daAuts
    D:13: 1567 daAuts
     D:8: 1455 daAuts
   Orc:2: 1385 daAuts
     D:9: 1251 daAuts
     D:4: 1235 daAuts
  Lair:6: 1218 daAuts
     D:3: 1183 daAuts
   Orc:1: 1150 daAuts
  Lair:1: 1138 daAuts
